 Dungeon Crawl Stone Soup version 0.22-a0-247-gbddf880757 (webtiles) character file.

326 RedPan the Slasher (level 6, -7/47 HPs)
             Began as a Demonspawn Monk on Feb 24, 2018.
             Mangled by an ogre
             ... wielding a +0 giant club
              (16 damage)
             ... on level 4 of the Dungeon.
             The game lasted 00:08:27 (4665 turns).

RedPan the Slasher (Demonspawn Monk)                Turns: 4665, Time: 00:08:28

Health: -7/47      AC:  6    Str: 14    XL:     6   Next: 24%
Magic:  6/6        EV:  9    Int: 11    God:
Gold:   162        SH:  9    Dex: 15    Spells: 5/5 levels left

rFire    . . .     SeeInvis .   a - +0 falchion
rCold    + . .     Gourm    .   k - +0 shield
rNeg     . . .     Faith    .   b - +2 ring mail {rC+}
rPois    .         Spirit   .   (no helmet)
rElec    .         Reflect  +   (no cloak)
rCorr    .         Harm     .   d - +0 pair of gloves (curse)
MR       .....                  (no boots)
Stlth    +.........             h - +2 amulet of reflection
HPRegen  0.15/turn              i - -2 ring of protection (curse)
MPRegen  0.10/turn              (no ring)

@: lethally poisoned (-7 -> -12), about to teleport
A: rot immunity
a: no special abilities


You were on level 4 of the Dungeon.
You were not hungry.

You visited 1 branch of the dungeon, and saw 4 of its levels.

You collected 162 gold pieces.

Inventory:

Hand Weapons
 a - a +0 falchion (weapon)
Armour
 b - a +2 ring mail of cold resistance (worn)
 d - a cursed +0 pair of gloves (worn)
 k - a +0 shield (worn)
 n - a +0 chain mail
Jewellery
 h - a +2 amulet of reflection (around neck)
 i - a cursed -2 ring of protection (left hand)
Scrolls
 e - a scroll of immolation {unknown}
 f - a scroll of fog {unknown}
 g - 7 scrolls of teleportation
 j - 6 scrolls of identify
 l - a scroll of remove curse
 o - a scroll of amnesia
Comestibles
 c - 8 rations
 m - 2 chunks of flesh


   Skills:
 - Level 3.0 Fighting
 * Level 4.9 Long Blades
 + Level 2.5 Armour
 + Level 3.8 Dodging
 - Level 1.7 Stealth
 + Level 0.5 Shields


You had 5 spell levels left.
You didn't know any spells.

Dungeon Overview and Level Annotations

Branches:
Dungeon (4/15)
 Temple: D:4-7

Altars:
The Shining One


Innate Abilities, Weirdness & Mutations

You are immune to rotting.


Message History

The worker ant is almost dead.
You feel sick. The worker ant bites you.
You are more poisoned.
The worker ant poisons you! You block the worker ant's attack.
You hit the worker ant but do no damage.
The worker ant is almost dead.
You feel sick. The worker ant barely misses you.
You riposte.
You slash the worker ant!
You kill the worker ant!
You feel sick. The ogre closely misses you.
You see here a war axe.
You aren't carrying any potions.
You aren't carrying any potions.
You barely miss the ogre.
You feel sick. The ogre barely misses you.
You barely miss the ogre.
You feel sick. The ogre hits you with a giant club.
* * * LOW HITPOINT WARNING * * *
As you read the scroll of teleportation, it crumbles to dust.
You feel strangely unstable.
You feel sick. The ogre hits you with a giant club!
You die...

.....######.##_##..⌠..#
.....#......O###.....##
.....#........#....###
.....#.......a...###
.....#.........#.#
.....#######'#.#.#
##.### #.#.#.# #
#.#.#O# # #.#.#@# .#
#.#.#.# .# #...#.# .#
#####.# .# #.# #.# .
..# #. ###


You could see an ogre.

Vanquished Creatures
  A scorpion (D:4)
  2 orc wizards
  An orc priest (D:3)
  A worker ant (D:4)
  7 adders
  2 oozes (D:3)
  4 worms
  4 leopard geckos
  11 orcs
  2 ball pythons (D:1)
  5 bats
  2 giant cockroaches
  6 hobgoblins
  5 jackals (D:1)
  A quokka (D:2)
  4 frilled lizards
  8 goblins
  6 kobolds
  10 rats
82 creatures vanquished.

Notes
Turn   | Place    | Note
-------+----------+-------------------------------------------
     0 | D:1      | RedPan the Demonspawn Monk began the quest for the Orb.
     0 | D:1      | Reached XP level 1. HP: 18/18 MP: 1/1
    98 | D:1      | Reached skill level 3 in Long Blades
   111 | D:1      | Gained mutation: You are immune to rotting. [demonic ancestry]
   111 | D:1      | Reached XP level 2. HP: 21/24 MP: 2/2
   297 | D:1      | Reached skill level 1 in Armour
   307 | D:1      | Reached XP level 3. HP: 15/29 MP: 3/3
  1170 | D:2      | Reached XP level 4. HP: 31/35 MP: 4/4
  1924 | D:2      | HP: 2/52 [orc/mace (4)]
  2257 | D:2      | Reached skill level 4 in Long Blades
  2525 | D:3      | Reached XP level 5. HP: 6/41 MP: 5/5
  4433 | D:4      | Found a glowing golden altar of the Shining One.
  4478 | D:4      | Reached XP level 6. HP: 41/47 MP: 6/6
  4665 | D:4      | Mangled by an ogre

Vault maps used:
D:1:      lemuel_arrival_tunnels
D:2:      first_ration, hangedman_decor_riveting
D:3:      minmay_door_path
D:4:      tso_oasis_becter, kennysheep_decorative_pillar

Skill      XL: |  1  2  3  4  5 |
---------------+----------------+-----
Long Blades    | 3 4 |  4.9
Dodging        | 3 |  3.8
Armour         | 1 2 |  2.5
Fighting       | |  3.0
Stealth        | |  1.7
Shields        | |  0.5

Action                   |  1- 3 |  4- 6 || total
-------------------------+-------+-------++-------
Melee: Falchion          |   113 |   296 ||   409
  Use: Scroll            |     4 |     6 ||    10
       Potion            |     1 |     3 ||     4
 Stab: Sleeping          |     2 |     3 ||     5
  Eat: Chunk             |     1 |     8 ||     9
       Ration            |       |     1 ||     1
Armor: Robe              |     7 |       ||     7
       Leather armour    |     8 |     6 ||    14
       Chain mail        |       |    20 ||    20
       Skin              |       |    13 ||    13
       Ring mail         |       |    42 ||    42
Dodge: Dodged            |    89 |   132 ||   221
Block: Other             |     5 |    14 ||    19
       Reflection        |     1 |       ||     1
       Shield            |       |    17 ||    17
       Rpst.: Falchion   |    23 |    38 ||    61

Table legend:
 A = Spawn XP
 B = Non-spawn XP
 C = Spawn XP percentage of total XP
 D = Spawn monster count
 E = Non-spawn monster count
 F = Spawn count percentage of total count
 G = Total turns spent on level
                    A         B        C        D         E        F      G
               +---------+---------+-------+---------+---------+-------+---------
         Total |       0 |     466 |   0.0 |       0 |      82 |   0.0 |  4665
               +---------+---------+-------+---------+---------+-------+---------
           D:1 |       0 |      50 |   0.0 |       0 |      28 |   0.0 |  1034
           D:2 |       0 |     117 |   0.0 |       0 |      20 |   0.0 |  1396
           D:3 |       0 |     181 |   0.0 |       0 |      26 |   0.0 |  1939
           D:4 |       0 |     118 |   0.0 |       0 |       8 |   0.0 |   296
               +---------+---------+-------+---------+---------+-------+---------
